 Dungeon Crawl Stone Soup version 0.27-a0-412-g8dd771e (webtiles) character file.

Game seed: 14895122325139822418

8701 MrTaco21 the Basher (level 11, 0/73 HPs)
             Began as a Gargoyle Fighter on Feb 23, 2021.
             Was a High Priest of Okawaru.
             Killed by divine providence
             ... invoked by an orc priest
              (12 damage)
             ... on level 10 of the Dungeon.
             The game lasted 00:15:27 (13416 turns).

MrTaco21 the Basher (Gargoyle Fighter)             Turns: 13416, Time: 00:15:27

Health: 0/73       AC: 19    Str: 25    XL:     11   Next: 35%
Magic:  11/11      EV: 10    Int: 10    God:    Okawaru [*****.]
Gold:   544        SH: 12    Dex:  9    Spells: 10/10 levels left

rFire    + . .     SeeInvis +   l - +1 whip (venom)
rCold    x . .     Faith    .   c - +0 kite shield
rNeg     + . .     Spirit   .   E - +2 steam dragon scales
rPois    ∞         Reflect  .   a - +0 helmet
rElec    +         Harm     .   H - +0 cloak
rCorr    .         Rampage  .   j - +0 pair of gloves
Will     .....                  (no boots)
Stlth    +.........             e - amulet of magic regeneration
HPRegen  0.22/turn              z - ring of fire
MPRegen  0.37/turn              o - ring of Soymubra {Str+3 SInv}

@: no status effects
A: negative energy resistance 1, electricity resistance, unbreathing,
petrification resistance, miasma immunity, AC +8
a: Renounce Religion, Heroism, Finesse


You were on level 10 of the Dungeon.
You worshipped Okawaru.
Okawaru was extremely pleased with you.
You visited 2 branches of the dungeon, and saw 11 of its levels.
You also visited: Sewer.

You collected 544 gold pieces.

Inventory:

Hand Weapons
 l - a +1 whip of venom (weapon)
   (You took it off a gnoll on level 2 of the Dungeon)
Missiles
 F - 42 poisoned darts (quivered)
Armour
 a - a +0 helmet (worn)
   (You took it off Robin on level 2 of the Dungeon)
 c - a +0 kite shield (worn)
 j - a +0 pair of gloves (worn)
   (You found it on level 1 of the Dungeon)
 C - a +0 plate armour
   (You took it off an orc warrior on level 6 of the Dungeon)
 E - +2 steam dragon scales (worn)
   (You took it off Maggie on level 7 of the Dungeon)
 H - a +0 cloak (worn)
   (You took it off Maurice on level 8 of the Dungeon)
Jewellery
 e - an amulet of magic regeneration (around neck)
   (You took it off an orc on level 6 of the Dungeon)
 o - the ring of Soymubra (right hand) {Str+3 SInv}
   (You found it on level 4 of the Dungeon)

   [ring of see invisible]

   It affects your strength (+3).
   It lets you see invisible.
 z - a ring of fire (left hand)
   (You found it on level 6 of the Dungeon)
Wands
 d - a wand of iceblast (6)
   (You took it off Maurice on level 8 of the Dungeon)
 s - a wand of charming (7)
   (You found it on level 7 of the Dungeon)
 u - a wand of paralysis (22)
   (You found it on level 6 of the Dungeon)
 v - a wand of digging (7)
   (You found it on level 8 of the Dungeon)
 x - a wand of acid (5)
   (You found it on level 9 of the Dungeon)
Scrolls
 b - a scroll of summoning {unknown}
 f - 10 scrolls of identify {unknown}
 h - 6 scrolls of amnesia {unknown}
 r - 7 scrolls of teleportation {unknown}
 w - 2 scrolls of noise {unknown}
 A - 3 scrolls of magic mapping {unknown}
 G - 3 scrolls of enchant weapon {unknown}
 K - a scroll of torment {unknown}
 L - a scroll of random uselessness {unknown}
 M - a scroll of silence {unknown}
Potions
 g - 5 potions of curing {unknown}
 i - 8 potions of heal wounds {unknown}
 k - a potion of mutation {unknown}
 m - 3 potions of ambrosia {unknown}
 n - 2 potions of haste {@q3}
 p - a potion of cancellation {unknown}
 q - a potion of magic {unknown}
 t - 2 potions of lignification {unknown}
 y - a potion of resistance {unknown}
 B - a potion of flight {unknown}
 D - a potion of degeneration {unknown}
 I - 3 potions of might
 J - a potion of attraction {unknown}


   Skills:
 - Level 10.8 Fighting
 - Level 12.0 Maces & Flails
 - Level 3.2 Armour
 + Level 9.6 Shields


You had 10 spell levels left.
You didn't know any spells.
Your spell library was empty.

Dungeon Overview and Level Annotations

Branches:
Dungeon (10/15)            Temple (1/1) D:6             Orc (0/2) D:9
  Sewer (visited)
   Lair: D:8-11

Altars:
Ashenzari
Cheibriados
Dithmenos
Elyvilon
Fedhas
Gozag
Hepliaklqana
Kikubaaqudgha
Makhleb
Nemelex Xobeh
Okawaru
Qazlal
Sif Muna
Trog
Uskayaw
Vehumet
Wu Jian
Xom
Yredelemnul
Zin
The Shining One

Shops:
D:4 (!   D:8 ?


Innate Abilities, Weirdness & Mutations

You are resistant to torment.
Your stone body is resilient. (AC +8)
You are immune to poison.
You resist negative energy. (rN+)
You are resistant to electric shocks. (rElec)
You can survive without breathing.
You are immune to petrification.
You are immune to miasma.


Message History

You hit the wight.
You destroy the wight!
Okawaru accepts your kill. You block the orc priest's attack.
You block the orc warrior's attack.
You see here a +0 leather armour.
You hit the orc warrior but do no damage.
The orc warrior is poisoned.
You block the orc priest's attack.
The orc warrior hits you with a +0 glaive.
You hit the orc warrior but do no damage.
The orc warrior looks as sick as possible!
You hit the orc warrior but do no damage.
The orc warrior looks as sick as possible!
You block the orc priest's attack.
You hit the orc warrior.
The orc warrior hits you with a +0 glaive!
You hit the orc warrior but do no damage.
The orc warrior looks as sick as possible!
The orc priest closely misses you.
Unknown command.
You whack the orc warrior!
The orc warrior looks as sick as possible!
The orc warrior hits you with a +0 glaive!
* * * LOW HITPOINT WARNING * * *
The orc priest hits you but does no damage.
You barely miss the orc warrior. You closely miss the orc warrior.
You block the orc warrior's attack.
The orc priest mumbles some strange prayers to Beogh against you.
Beogh smites you!
* * * LOW HITPOINT WARNING * * *
You hit the orc warrior.
The orc warrior looks as sick as possible!
Unknown command.
You hit the orc warrior. You block the orc priest's attack.
The orc warrior hits you with a +0 glaive.
* * * LOW HITPOINT WARNING * * *
Unknown command.
You closely miss the orc warrior. You whack the orc warrior!
You kill the orc warrior!
Okawaru accepts your kill.
The orc priest hits you from afar with a +0 trident.
* * * LOW HITPOINT WARNING * * *
Items here: )) [[.
You hit the wight. The wight hits you but does no damage.
You hit the wight.
The orc priest begins to cast a cantrip, but forgets the words!
You whack the wight!
The orc priest invokes the aid of Beogh against you.
Beogh smites you!
You die...

#.# .# ... #.# #$# #.#
#.# #.# #.# #.# ##.##
#.#
#######...#####.####.#
...........$..@))....#
######...#####z####.#
#.### #[# ### #.# #o#
..# #.# ...
#.#######.###.###.###.#
#.............# #.# #.#
#########.###># #.# #.#
#... ..# #.#


You could see a wight and an orc priest.

Vanquished Creatures
  Erica (D:8)
  A centaur zombie (D:9)
  Maurice (D:8)
  Maggie (D:7)
  A troll (D:9)
  Prince Ribbit (D:7)
  Sigmund (D:2)
  A wyvern (D:10)
  4 yaks (D:9)
  Duvessa (D:4)
  3 ice beasts
  3 orc warriors
  2 black bears
  3 sky beasts
  3 necrophages (D:9)
  5 ogres
  4 centaurs
  A phantom (D:9)
  3 kobold brigands
  11 bullfrogs
  Blork the orc (D:5)
  A gnoll sergeant (D:9)
  2 wyvern zombies
  Dowan (D:4)
  3 scorpions
  6 killer bees
  8 wights
  8 howler monkeys
  3 bullfrog zombies
  3 centaur skeletons
  6 orc priests
  3 hounds
  6 jellies
  2 bullfrog skeletons (D:9)
  Jessica (D:2)
  5 orc wizards
  Terence (D:2)
  8 worker ants
  4 hound zombies
  2 hound skeletons
  Robin (D:2)
  9 adders
  10 gnolls
  2 river rats (Sewer)
  5 shadow imps
  A white imp (D:5)
  2 ufetubi
  An ooze (D:4)
  2 adder zombies
  A dart slug (D:2)
  9 leopard geckos
  18 orcs
  7 ball pythons
  9 giant cockroaches
  20 goblins
  2 hobgoblins
  10 jackals
  5 quokkas
  8 bats
  13 frilled lizards
  A jackal skeleton (D:4)
  14 kobolds
  A leopard gecko skeleton (D:6)
  A quokka skeleton (D:4)
  A quokka zombie (D:9)
  15 rats
293 creatures vanquished.

Vanquished Creatures (others)
  2 bushes (D:9)
  11 plants (D:9)
13 creatures vanquished.

Grand Total: 306 creatures vanquished

Notes
Turn   | Place    | Note
-------+----------+-------------------------------------------
     0 | D:1      | MrTaco21 the Gargoyle Fighter began the quest for the Orb.
     0 | D:1      | Reached XP level 1. HP: 14/14 MP: 1/1
   666 | D:1      | Reached XP level 2. HP: 19/19 MP: 2/2
   913 | D:2      | Noticed Robin
   933 | D:1      | Reached skill level 3 in Maces & Flails
  1306 | D:1      | Reached XP level 3. HP: 22/23 MP: 3/3
  1349 | D:2      | Killed Robin
  1475 | D:2      | Found a faded altar of an unknown god.
  1481 | D:2      | Noticed Sigmund
  1808 | D:2      | Killed Sigmund
  1809 | D:2      | Reached skill level 5 in Maces & Flails
  1809 | D:2      | Reached XP level 4. HP: 9/28 MP: 4/4
  1809 | D:2      | Reached XP level 5. HP: 10/32 MP: 5/5
  2063 | D:2      | Reached skill level 6 in Maces & Flails
  2063 | D:2      | Reached XP level 6. HP: 31/37 MP: 6/6
  2114 | D:2      | Noticed Terence
  2124 | D:2      | Killed Terence
  2180 | D:2      | Noticed Jessica
  2184 | D:2      | Killed Jessica
  2368 | D:2      | You fall into a shaft and drop 2 floors!
  2368 | D:4      | Noticed Duvessa
  2368 | D:4      | Noticed Dowan
  2390 | D:4      | Killed Duvessa
  2391 | D:4      | Reached skill level 7 in Maces & Flails
  2392 | D:4      | Reached XP level 7. HP: 34/41 MP: 7/7
  2400 | D:4      | Killed Dowan
  2563 | D:4      | Found Awyas's Antique Weapon Shoppe.
  2638 | D:4      | Got a smoking ivory ring
  2653 | D:4      | Found Reamn's Distillery.
  2698 | D:4      | Reached skill level 8 in Maces & Flails
  2809 | D:4      | Found a glowing drain.
  2827 | D:4      | Identified the ring of Soymubra {Str+3 SInv} (You found it
                  | on level 4 of the Dungeon)
  2829 | Sewer    | Entered a sewer
  3264 | D:4      | Found a transporter.
  3272 | D:4      | Found a transporter.
  3285 | D:4      | Found an opulent altar of Gozag.
  3870 | D:4      | Reached skill level 9 in Maces & Flails
  3870 | D:4      | Reached XP level 8. HP: 38/46 MP: 8/8
  4082 | D:4      | Got a scintillating marble ring
  4735 | D:3      | Identified the ring "Afyilel" {MP+9 Dex+4} (You found it on
                  | level 4 of the Dungeon)
  4768 | D:5      | Entered Level 5 of the Dungeon
  4828 | D:5      | Noticed Blork the orc
  4845 | D:5      | Killed Blork the orc
  4931 | D:5      | Found a shimmering blue altar of Sif Muna.
  5516 | D:5      | Reached skill level 10 in Maces & Flails
  6796 | D:6      | Reached skill level 11 in Maces & Flails
  6804 | D:6      | Reached XP level 9. HP: 37/51 MP: 9/9
  6943 | D:6      | Found a staircase to the Ecumenical Temple.
  6956 | Temple   | Entered the Ecumenical Temple
  7192 | Temple   | Became a worshipper of Warmaster Okawaru
  7794 | D:6      | Found a bloodstained altar of Trog.
  7846 | D:6      | Found a sparkling altar of Nemelex Xobeh.
  8480 | D:7      | Reached skill level 12 in Maces & Flails
  8942 | D:7      | Noticed Prince Ribbit
  8956 | D:7      | Killed Prince Ribbit
  8956 | D:7      | Reached * piety under Okawaru
  8957 | D:7      | Reached skill level 5 in Fighting
  9153 | D:7      | Noticed Maggie
  9174 | D:7      | Paralysed by Maggie for 2 turns
  9180 | D:7      | Paralysed by Maggie for 7 turns
  9181 | D:7      | Killed Maggie
  9412 | D:7      | Reached XP level 10. HP: 57/64 MP: 10/10
  9569 | D:7      | Reached ** piety under Okawaru
  9889 | D:8      | Noticed Erica
  9948 | D:8      | Killed Erica
 10136 | D:8      | Reached *** piety under Okawaru
 10137 | D:8      | Reached skill level 10 in Fighting
 10270 | D:8      | Found Xoxugg's Magic Scroll Shop.
 10417 | D:8      | Noticed Maurice
 10435 | D:8      | Killed Maurice
 10748 | D:9      | Found a basalt altar of Yredelemnul.
 10773 | D:9      | Found a shimmering altar of Xom.
 10789 | D:9      | Found a white marble altar of Elyvilon.
 10831 | D:9      | Found a staircase to the Orcish Mines.
 11249 | D:9      | Reached **** piety under Okawaru
 11250 | D:9      | Reached skill level 5 in Shields
 11464 | D:9      | Found a blossoming altar of Fedhas.
 11816 | D:9      | Reached XP level 11. HP: 73/73 MP: 11/11
 12579 | D:10     | Entered Level 10 of the Dungeon
 13216 | D:10     | Reached ***** piety under Okawaru
 13416 | D:10     | Killed from afar by an orc priest

Illustrated notes

Levels and vault maps discovered:
D:1:      wander_arrival_desolate, layout_basic, hangedman_decor_diamond_cutter
D:2:      layout_basic, nicolae_ru_path_of_blood,
          chequers_ecumenical_altar_simple_redux, uniq_terence, uniq_jessica,
          uniq_robin, uniq_sigmund, uniq_crazy_yiuf_cottage
D:3:      layout_basic, st_stairs_8
D:4:      layout_loops_ring, gammafunk_temple_overflow_arena, serial_shops,
          shop_fountains, nicolae_shop_temple_entry_statues_fountains,
          portal_sewer_entry_a, guppyfry_early_lair_pool, uniq_duvessa
D:5:      layout_layer_cave, tgw_sif
D:6:      layout_layer_cave, marbit_many_paths, minmay_temple_entry_junction,
          nemelex_lonely_heart_becter
D:7:      layout_loops_corners, uniq_maggie, uniq_prince_ribbit1
D:8:      layout_cave_pools, serial_shops, shop, uniq_erica, uniq_maurice
D:9:      layout_loops_corners, fedhas_altar_decomposition,
          grunt_temple_overflow_open, orc_0_dummy, wad_rectangle_vault
D:10:     layout_loops_ring, enter_trove_6, kennysheep_generic_room_13
Temple:   eino_temple_water

Skill      XL: |  1  2  3  4  5  6  7  8  9 10 11 |
---------------+----------------------------------+-----
Maces & Flails | 3 5 6 7 9 11 12 | 12.0
Fighting       | 7 10 | 10.8
Shields        | 7 9 |  9.6
Armour         | |  3.2

Action                   |  1- 3 |  4- 6 |  7- 9 | 10-12 || total
-------------------------+-------+-------+-------+-------++-------
Melee: Flail             |    21 |       |       |       ||    21
       Mace              |    87 |    12 |       |       ||    99
       Whip              |       |    41 |   575 |   647 ||  1263
Throw: Dart              |       |       |    12 |       ||    12
 Stab: Sleeping          |       |       |       |     1 ||     1
Armor: Scale mail        |   121 |    19 |   201 |       ||   341
       Plate armour      |       |       |    70 |    18 ||    88
       Steam dragon scal |       |       |       |   194 ||   194
Dodge: Dodged            |    49 |    11 |   121 |   121 ||   302
Block: Kite shield       |   111 |    12 |   273 |   256 ||   652

Table legend: (Time is in decaauts)
 A = Elapsed time spent in this place.
 B = Non-inter-level travel time spent in this place.
 C = Inter-level travel time spent in this place.
 D = Time resting spent in this place.
 E = Time spent auto-exploring this place.
 F = Levels seen in this place.
 G = Mean time per level.
                   A        B        C        D        E       F      G
               +--------+--------+--------+--------+--------+-----+--------+
         Total |  13238 |  12452 |    786 |   2744 |   7452 |  12 | 1103.2 |
       Dungeon |  12562 |  11817 |    745 |   2744 |   6961 |  10 | 1256.2 |
        Temple |    250 |    209 |     41 |      0 |    206 |   1 |  250.0 |
         Sewer |    425 |    425 |      0 |      0 |    284 |   1 |  425.0 |
               +--------+--------+--------+--------+--------+-----+--------+

Top non-repeatable levels by time:
     D:9: 2099 daAuts
     D:6: 1722 daAuts
     D:5: 1701 daAuts
     D:1: 1632 daAuts
     D:4: 1404 daAuts
     D:7: 1385 daAuts
     D:2: 794 daAuts
     D:8: 732 daAuts
     D:3: 598 daAuts
    D:10: 490 daAuts
   Sewer: 425 daAuts
  Temple: 250 daAuts
